 Dungeon Crawl Stone Soup version 0.30.0-17-ge0270778cf (webtiles) character file.

Game seed: 7085323720067301097

513 Sobieck the Tainter (level 7, 0/36 HPs)
             Began as a Deep Elf Venom Mage on May 21, 2023.
             Slain by a killer bee (5 damage)
             ... on level 4 of the Dungeon.
             The game lasted 00:09:48 (4122 turns).

Sobieck the Tainter (Deep Elf Venom Mage)           Turns: 4122, Time: 00:09:49

Health: 0/36       AC:  3    Str:  5    XL:     7   Next: 0%
Magic:  10/13      EV: 12    Int: 22    God:
Gold:   194        SH:  0    Dex: 15    Spells: 5/12 levels left

rFire   . . .        e - staff of air {!astaff}
rCold   . . .        (no shield)
rNeg    . . .        a - +0 robe
rPois   .            v - +0 helmet
rElec   +            (no cloak)
rCorr   .            (no gloves)
SInv    .            (no boots)
Will    .....        g - amulet of magic regeneration {@e2}
Stlth   ++           (no ring)
HPRegen 0.26/turn    (no ring)
MPRegen 0.53/turn

%: no passive effects
@: lethally poisoned (0 -> -15), radiating poison
A: no striking features
a: no special abilities


You were on level 4 of the Dungeon.
You visited 2 branches of the dungeon, and saw 6 of its levels.

You collected 194 gold pieces.


   Skills:
 - Level 2.4 Dodging
 - Level 2.4 Stealth
 - Level 3.0 Spellcasting
 - Level 1.1 Transmutations
 + Level 8.8 Poison Magic


You had 5 spell levels left.
You knew the following spells:

 Your Spells              Type           Power      Damage    Failure   Level
a - Sting                 Tmut/Pois      100%       1d8       1%          1
b - Poisonous Vapours     Pois/Air       68%        N/A       3%          2
c - Olgreb's Toxic Radia  Pois           42%        N/A       3%          4

Your spell library contained the following spells:

 Spells                   Type           Power      Damage    Failure   Level
 Mephitic Cloud           Conj/Pois/Air  24%        N/A       11%         3
 Hailstorm                Conj/Ice       3%         3d3       36%         3
 Ice Form                 Ice/Tmut       5%         N/A       69%         4
 Simulacrum               Ice/Necr       1%         N/A       100%        6

Inventory:

Hand Weapons
 d - a +0 mace {mace}
   (You found it on level 1 of the Dungeon)
 f - a +0 club {mace}
   (You took it off a kobold on level 1 of the Dungeon)
 i - a +0 dagger {short}
   (You took it off a goblin on level 1 of the Dungeon)
 j - a +0 dagger {short}
   (You took it off a goblin on level 1 of the Dungeon)
 l - a +0 club {mace}
   (You took it off a goblin on level 1 of the Dungeon)
 o - a +0 dagger {short}
   (You took it off a kobold on level 1 of the Dungeon)
 p - a +0 whip {mace}
   (You found it on level 1 of the Dungeon)
 A - a +2 whip of pain {mace}
   (You took it off a kobold on level 3 of the Dungeon)
 B - a +2 hand axe of venom {axe}
   (You took it off an orc on level 4 of the Dungeon)
Missiles
 c - 62 stones {throwing}
 y - 5 boomerangs {throwing}
Armour
 a - a +0 robe (worn)
 s - a +0 ring mail
   (You found it on level 4 of the Dungeon)
 u - a +0 leather armour
   (You took it off an orc on level 3 of the Dungeon)
 v - a +0 helmet (worn)
   (You found it on level 2 of the Dungeon)
 w - a +0 leather armour
   (You took it off an orc priest on level 4 of the Dungeon)
 z - a +0 scale mail
   (You found it on level 3 of the Dungeon)
 C - a +0 chain mail
   (You found it on level 3 of the Dungeon)
 D - a +0 leather armour
   (You took it off an orc on level 4 of the Dungeon)
 H - a +0 chain mail
   (You found it on level 4 of the Dungeon)
Magical Staves
 e - a staff of air (weapon) {!astaff}
   (You found it on level 1 of the Dungeon)
Jewellery
 g - an amulet of magic regeneration (around neck) {@e2}
   (You found it on level 1 of the Dungeon)
 x - a ring of fire
   (You found it on level 3 of the Dungeon)
 J - an amulet of the acrobat
   (You found it on level 4 of the Dungeon)
Wands
 I - a wand of mindburst (14)
   (You found it on level 4 of the Dungeon)
Scrolls
 k - a scroll of fear {unknown}
 E - 2 scrolls of torment {unknown}
 F - a scroll of blinking {!r}
 G - a scroll of vulnerability {unknown}
Potions
 b - a potion of magic
 h - 4 potions of curing {@q1}
 m - 2 potions of flight
 n - a potion of invisibility
 q - a potion of haste {unknown}
 r - a potion of lignification {unknown}
 t - 2 potions of might

Dungeon Overview and Level Annotations

Branches:
Dungeon (5/15) Zot: 26031  Temple (1/1) D:4 Zot: 5842

Altars:
Cheibriados
Hepliaklqana
Kikubaaqudgha
Makhleb
Nemelex Xobeh
Qazlal
Ru
Trog
Yredelemnul
The Shining One

Shops:
D:1 (

Annotations:
D:3 Ice beast
D:4 1 runed translucent door, Kelyas's ghost, amateur SpEn

#####.##.#.##########...#
#.....##.#..............#
#.######.#############..###
#.# #.# #..............#
#.######.# #.###)########.#
#........# #.# #.# #.#
#.######## #.# #.# #.## #.#
##y###.# #...
#.#########@..##.# ####
#..........y#....# #
#.#########...#### # #.#
##.## # #.# #.#
#.##########.##############
#.........................#
############.))..<..#####.#
##..####.# #.#


You could see 2 killer bees.


Message History

You feel a surge of power!
Poisonous vapours surround the kobold!
The kobold looks as sick as possible!
You kill the kobold!
c - 59 stones {throwing} (gained 3)
You see here a +0 short sword {short}.
c - 62 stones {throwing} (gained 3)
You now have 194 gold pieces (gained 7).
Kelyas's ghost turns its malevolent gaze towards you.
Could not explore, unopened runed door.
(D) Dungeon (T) Temple
Where to? (Enter - D:4, ? - help)
There is a stone staircase leading down here.
You climb downwards.
You hear the sound of rushing water.
There is an entrance to a sewer on this level.
Hurry and find it before the portal rusts away!
There is a stone staircase leading up here.
Danger!
Unknown command.
Unknown command.
You feel a surge of power!
Poisonous vapours surround the ogre!
The ogre is poisoned.
The ogre shouts!
You hear an angry buzzing noise. x5
You feel a surge of power!
Poisonous vapours surround the ogre!
The ogre looks as sick as possible!
Casting: Poisonous Vapours (safe; 3% risk of failure)
Confirm with . or Enter, or press ? or * to list all spells.
Aiming: Sting (safe; 1% risk of failure)
Press: ? - help, Shift-Dir - straight line, f/p - ogre
Aim: an ogre, wielding a +0 giant spiked club (moderately wounded, extremely poisoned, 89% to hit)
The sting hits the ogre.
The ogre looks as sick as possible!
The ogre closely misses you.
Unknown command.
Casting: Sting (safe; 1% risk of failure)
Confirm with . or Enter, or press ? or * to list all spells.
Aiming: Sting (safe; 1% risk of failure)
Press: ? - help, Shift-Dir - straight line, f/p - ogre
Aim: an ogre, wielding a +0 giant spiked club (moderately wounded, extremely poisoned, 89% to hit)
The sting hits the ogre.
The ogre looks as sick as possible!
A killer bee comes into view.
Unknown command.
Casting: Sting (safe; 1% risk of failure)
Confirm with . or Enter, or press ? or * to list all spells.
Aiming: Sting (safe; 1% risk of failure)
Press: ? - help, Shift-Dir - straight line, f/p - ogre
Aim: an ogre, wielding a +0 giant spiked club (severely wounded, extremely poisoned, 89% to hit)
The sting hits the ogre.
The ogre looks as sick as possible!
The killer bee buzzes angrily.
You kill the ogre!
A killer bee comes into view. x2
You have reached level 7!
You climb upwards.
Level annotation: 1 runed translucent door, Kelyas's ghost, amateur SpEn
There is a stone staircase leading down here.
Unknown command.
Unknown command.
Unknown command.
You start resting.
Unknown command.
You climb downwards.
You hear the sound of rushing water.
There is an entrance to a sewer on this level.
Hurry and find it before the portal rusts away!
The killer bee closely misses you. x2; The killer bee barely misses you.
The killer bee stings you.
You are poisoned.
The killer bee poisons you! The killer bee stings you.
There is a stone staircase leading up here.
Danger!
Unknown command.
Unknown command.
Casting: Sting (safe; 1% risk of failure)
Confirm with . or Enter, or press ? or * to list all spells.
Okay, then.
Unknown command.
You feel sick. The killer bee closely misses you. The killer bee stings you.
The killer bee misses you. The killer bee closely misses you.
The killer bee stings you.
* * * LOW HITPOINT WARNING * * *
You are more poisoned.
The killer bee poisons you!
You climb upwards.
Level annotation: 1 runed translucent door, Kelyas's ghost, amateur SpEn You feel very sick.
There is a stone staircase leading down here.
Unknown command.
Unknown command.
Casting: Sting (safe; 1% risk of failure)
Confirm with . or Enter, or press ? or * to list all spells.
The spell is quite dangerous to miscast (3% risk of failure)!
Continue anyway?
You begin to radiate toxic energy.
The killer bee is poisoned. x2
You feel sick. The killer bee stings you.
* * * LOW HITPOINT WARNING * * *
You are lethally poisoned!
The killer bee poisons you! The killer bee stings you.
* * * LOW HITPOINT WARNING * * *
The killer bee stings you.
* * * LOW HITPOINT WARNING * * *
The killer bee misses you.
The killer bee attacks as you move away!
The killer bee stings you.
You die...

Skill      XL: |  1  2  3  4  5  6 |
---------------+-------------------+-----
Poison Magic   | 4 5 6 7 8 |  8.8
Dodging        | |  2.4
Stealth        | |  2.4
Spellcasting   | |  3.0
Transmutations | |  1.1

Action                     |  1- 3 |  4- 6 |  7- 9 || total
---------------------------+-------+-------+-------++-------
  Melee: Staff             |       |     4 |       ||     4
         Punch             |       |     1 |       ||     1
   Cast: Sting             |    36 |    20 |       ||    56
         Poisonous Vapours |    45 |    46 |       ||    91
         Olgreb's Toxic Ra |       |     2 |     1 ||     3
    Use: Scroll            |       |     9 |       ||     9
 Armour: Robe              |     2 |     2 |       ||     4
  Dodge: Dodged            |     9 |    17 |     7 ||    33

Levels and vault maps discovered:
D:1:      beargit_arrival_greenhouse, layout_basic, serial_shops,
          nicolae_shop_pleasant_corner_grove, dk_noncrumbling_2
D:2:      layout_rooms, serial_co_window_serial, co_window_of_opportunity_a,
          co_window_paths_b, co_window_paths_b, co_window_paths_a,
          co_window_corner_a, co_window_cross_1, co_window_paths_a,
          co_window_2corner, co_window_paths_c, co_window_corner_b,
          co_window_4corner_b, co_window_paths_e, glass_columns_b
D:3:      layout_loops_cross, mainiacjoe_overflow_catwalk, nicolae_half_adder
D:4:      layout_loops_ring, mainiacjoe_overflow_brackets,
          minmay_temple_entry_trees, ebering_ghost_reflecting_pool, minivault_23
D:5:      layout_basic, zin_purify, portal_sewer_entry_a, uniq_grinder
Temple:   hellmonk_temple_forest_ring

Notes
Turn   | Place    | Note
-------+----------+-------------------------------------------
     0 | D:1      | Sobieck the Deep Elf Venom Mage began the quest for the
                  | Orb.
     0 | D:1      | Reached XP level 1. HP: 10/10 MP: 6/6
    70 | D:1      | You pick up a book of the Tundra and begin reading...
    70 | D:1      | You add the spells Hailstorm, Ice Form and Simulacrum to
                  | your library.
   211 | D:1      | Reached skill level 4 in Poison Magic
   211 | D:1      | Reached XP level 2. HP: 13/15 MP: 4/8
   222 | D:1      | Learned a level 2 spell: Poisonous Vapours
   984 | D:1      | Found Soedosa's Antique Weapon Shop.
  1381 | D:2      | Reached XP level 3. HP: 19/19 MP: 7/9
  1942 | D:2      | Reached skill level 5 in Poison Magic
  2121 | D:3      | Found a glowing golden altar of the Shining One.
  2246 | D:3      | Noticed an ice beast
  2423 | D:3      | Reached XP level 4. HP: 24/24 MP: 8/10
  2961 | D:4      | Found a staircase to the Ecumenical Temple.
  2965 | D:4      | Reached skill level 6 in Poison Magic
  2987 | Temple   | Entered the Ecumenical Temple
  3158 | D:4      | Found an ancient bone altar of Kikubaaqudgha.
  3240 | D:4      | Found a runed translucent door.
  3256 | D:4      | Reached XP level 5. HP: 17/28 MP: 9/11
  3348 | D:3      | Killed an ice beast
  3349 | D:3      | Reached skill level 7 in Poison Magic
  3403 | D:3      | Learned a level 4 spell: Olgreb's Toxic Radiance
  3409 | D:4      | Reached XP level 6. HP: 19/32 MP: 5/12
  3691 | D:4      | Reached skill level 8 in Poison Magic
  3731 | D:4      | Noticed Kelyas's ghost (amateur SpEn)
  4101 | D:5      | Entered Level 5 of the Dungeon
  4107 | D:5      | Reached XP level 7. HP: 36/36 MP: 7/13
  4121 | D:4      | HP: 9/36 [killer bee (4)]
  4122 | D:4      | Slain by a killer bee

Vanquished Creatures
  An ice beast (D:3)
  2 ogres
  A scorpion (D:4)
  2 orc priests (D:4)
  7 adders
  3 worms
  2 dart slugs
  3 orcs
  7 endoplasms
  4 giant cockroaches
  8 goblins
  4 hobgoblins
  4 jackals (D:2)
  2 quokkas (D:2)
  3 ball pythons
  A bat (D:2)
  3 frilled lizards
  7 kobolds
  4 rats
68 creatures vanquished.

Table legend:
 A = Non-vault XP
 B = Vault XP
 C = Vault XP percentage of total XP
 D = Non-vault monster count
 E = Vault monster count
 F = Vault count percentage of total count
                 A         B        C        D         E       F
            +---------+---------+-------+---------+---------+-------
      Total |     680 |      53 |   7.2 |      64 |       4 |   5.9
            +---------+---------+-------+---------+---------+-------
        D:1 |      32 |       0 |   0.0 |      18 |       0 |   0.0
        D:2 |      35 |       0 |   0.0 |      20 |       0 |   0.0
        D:3 |     163 |      53 |  24.5 |      11 |       4 |  26.7
        D:4 |     328 |       0 |   0.0 |      14 |       0 |   0.0
        D:5 |     122 |       0 |   0.0 |       1 |       0 |   0.0
            +---------+---------+-------+---------+---------+-------

Skill      XL: |  1  2  3  4  5  6 |
---------------+-------------------+-----
Poison Magic   | 4 5 6 7 8 |  8.8
Dodging        | |  2.4
Stealth        | |  2.4
Spellcasting   | |  3.0
Transmutations | |  1.1

Action                     |  1- 3 |  4- 6 |  7- 9 || total
---------------------------+-------+-------+-------++-------
  Melee: Staff             |       |     4 |       ||     4
         Punch             |       |     1 |       ||     1
   Cast: Sting             |    36 |    20 |       ||    56
         Poisonous Vapours |    45 |    46 |       ||    91
         Olgreb's Toxic Ra |       |     2 |     1 ||     3
    Use: Scroll            |       |     9 |       ||     9
 Armour: Robe              |     2 |     2 |       ||     4
  Dodge: Dodged            |     9 |    17 |     7 ||    33

Illustrated notes

Table legend:
 A = Kills in this place as a percentage of kills in the entire game.
 B = Kills by you in this place as a percentage of kills by you in the entire game.
 C = Kills by friends in this place as a percentage of kills by friends in the entire game.
 D = Other kills in this place as a percentage of other kills in the entire game.
 E = Experience gained in this place as a percentage of experience gained in the entire game.
 F = Experience gained in this place divided by the number of levels of this place that you have seen.
                   A       B       C       D       E      F
               +-------+-------+-------+-------+-------+----------------------
         Total | 100.0 | 100.0 |   N/A |   N/A | 100.0 | 122.2
       Dungeon | 100.0 | 100.0 |   N/A |   N/A | 100.0 | 146.6
               +-------+-------+-------+-------+-------+----------------------

Table legend: (Time is in decaauts)
 A = Elapsed time spent in this place.
 B = Non-inter-level travel time spent in this place.
 C = Inter-level travel time spent in this place.
 D = Time resting spent in this place.
 E = Time spent auto-exploring this place.
 F = Levels seen in this place.
 G = Mean time per level.
                   A        B        C        D        E       F      G
               +--------+--------+--------+--------+--------+-----+--------+
         Total |   4125 |   3959 |    166 |    184 |   2927 |   6 |  687.5 |
       Dungeon |   3968 |   3816 |    152 |    184 |   2792 |   5 |  793.6 |
        Temple |    157 |    143 |     14 |      0 |    135 |   1 |  157.0 |
               +--------+--------+--------+--------+--------+-----+--------+

Top non-repeatable levels by time:
     D:1: 1129 daAuts
     D:3: 1118 daAuts
     D:2: 864 daAuts
     D:4: 847 daAuts
  Temple: 157 daAuts
     D:5: 9 daAuts
